 Dungeon Crawl Stone Soup version 0.29.0-10-g45618ea6d2 (webtiles) character file.

Game seed: 10406605853788023026

140 pesado the Digger (level 5, -6/28 HPs)
             Began as a Gargoyle Earth Elementalist on Sept 1, 2022.
             Killed from afar by a steam dragon (17 damage)
             ... with a ball of steam
             ... on level 6 of the Dungeon.
             The game lasted 00:05:34 (2261 turns).

pesado the Digger (Gargoyle Earth Elementalist)     Turns: 2261, Time: 00:05:35

Health: -6/28      AC:  8    Str: 12    XL:     5   Next: 22%
Magic:  7/8        EV: 11    Int: 17    God:
Gold:   130        SH:  0    Dex: 10    Spells: 2/8 levels left

rFire   . . .      SeeInvis .   f - +0 whip
rCold   . . .      Faith    .   (no shield)
rNeg    + . .      Spirit   .   a - +0 robe
rPois   ∞          Reflect  .   (no helmet)
rElec   +          Harm     .   e - +0 cloak
rCorr   .          Rampage  .   d - +0 pair of gloves
Will    .....                   (no boots)
Stlth   ++........              c - amulet of magic regeneration
HPRegen 0.09/turn               (no ring)
MPRegen 0.51/turn               (no ring)

@: no status effects
A: sickness immunity, AC +4, negative energy resistance 1, electricity
resistance, torment resistance 1, petrification resistance
a: no special abilities


You were on level 6 of the Dungeon.
You visited 1 branch of the dungeon, and saw 4 of its levels.

You collected 130 gold pieces.

Inventory:

Hand Weapons
 f - a +0 whip (weapon)
 k - a +0 short sword of holy wrath
Armour
 a - a +0 robe (worn)
 d - a +0 pair of gloves (worn)
 e - a +0 cloak (worn)
Jewellery
 c - an amulet of magic regeneration (around neck)
 j - a ring of fire
Scrolls
 g - a scroll of identify {unknown}
Potions
 b - 2 potions of magic
 h - a potion of flight {unknown}
 i - a potion of brilliance {unknown}


   Skills:
 - Level 1.5 Dodging
 - Level 2.1 Stealth
 - Level 2.0 Spellcasting
 + Level 2.9 Conjurations
 - Level 0.7 Transmutations
 - Level 6.0 Earth Magic


You had 2 spell levels left.
You knew the following spells:

 Your Spells              Type           Power      Damage    Failure   Level
a - Sandblast             Erth           44%        2d11      1%          1
b - Passwall              Tmut/Erth      10%        N/A       8%          2
c - Stone Arrow           Conj/Erth      32%        3d9       10%         3

Your spell library contained the following spells:

 Spells                   Type           Power      Damage    Failure   Level
 Beastly Appendage        Tmut           8%         N/A       14%         1
 Wereblood                Tmut           4%         N/A       22%         2
 Petrify                  Tmut/Erth      13%        N/A       43%         4
 Spider Form              Tmut/Pois      2%         N/A       45%         3


Dungeon Overview and Level Annotations

Branches:
Dungeon (3/15)

Altars:

Shops:
D:2 (


Innate Abilities, Weirdness & Mutations

You are immune to sickness and miasma.
Your stone body is resilient. (AC +4)
You are immune to poison.
You resist negative energy. (rN+)
You are resistant to electric shocks. (rElec)
You are resistant to unholy torment.
You are immune to petrification.


Message History

Press: ? - help, Shift-Dir - straight line, f/p - steam dragon
Aim: a steam dragon (heavily wounded, catching its breath, 83% to hit)
Okay, then.
The steam dragon misses you. The steam dragon closely misses you.
Casting: Sandblast (safe; 1% risk of failure)
Confirm with . or Enter, or press ? or * to list all spells.
Aiming: Sandblast (safe; 1% risk of failure)
Press: ? - help, Shift-Dir - straight line, f/p - steam dragon
Aim: a steam dragon (heavily wounded, catching its breath, 83% to hit)
The blast of sand hits the steam dragon!
The steam dragon is severely wounded.
The steam dragon closely misses you. The steam dragon completely misses you.
The steam dragon bites you but does no damage.
The steam dragon barely misses you.
Casting: Sandblast (safe; 1% risk of failure)
Confirm with . or Enter, or press ? or * to list all spells.
Aiming: Sandblast (safe; 1% risk of failure)
Press: ? - help, Shift-Dir - straight line, f/p - steam dragon
Aim: a steam dragon (severely wounded, 83% to hit)
The blast of sand misses the steam dragon.
The steam dragon closely misses you. The steam dragon claws you.
Unknown command.
Casting: Sandblast (safe; 1% risk of failure)
Confirm with . or Enter, or press ? or * to list all spells.
Aiming: Sandblast (safe; 1% risk of failure)
Press: ? - help, Shift-Dir - straight line, f/p - steam dragon
Aim: a steam dragon (severely wounded, 83% to hit)
Okay, then.
Casting: Sandblast (safe; 1% risk of failure)
Confirm with . or Enter, or press ? or * to list all spells.
Aiming: Sandblast (safe; 1% risk of failure)
Press: ? - help, Shift-Dir - straight line, f/p - steam dragon
Aim: a steam dragon (severely wounded, 83% to hit)
The blast of sand hits the steam dragon.
The steam dragon is almost dead.
The steam dragon completely misses you. The steam dragon misses you.
The steam dragon breathes steam at you. The ball of steam hits you!
Ouch! That really hurt!
You die...

#######################
.................#.....
.................#.....
.................'.....
.................#.....
##....##.####...##.....
########.####...#######
#.....@.....'..........
#.....D.....#(.........
#..).>......#..........
###...##.####...###...#
#<.. #+##########...#
......................
........ ..............
.^..........)..........
.##. #..##.####'##.###


You could see a steam dragon (catching breath).

Vanquished Creatures
  A necrophage (D:6)
  2 adders
  A dart slug (D:2)
  8 bats
  10 endoplasms
  3 giant cockroaches
  4 hobgoblins
  4 jackals (D:1)
  5 kobolds
  6 ball pythons
  6 frilled lizards
  5 goblins (D:1)
  3 rats
58 creatures vanquished.

Vanquished Creatures (others)
  4 plants (D:1)
4 creatures vanquished.

Grand Total: 62 creatures vanquished

Notes
Turn   | Place    | Note
-------+----------+-------------------------------------------
     0 | D:1      | pesado the Gargoyle Earth Elementalist began the quest for
                  | the Orb.
     0 | D:1      | Reached XP level 1. HP: 10/10 MP: 3/3
   119 | D:1      | Reached skill level 4 in Earth Magic
   157 | D:1      | Reached XP level 2. HP: 15/15 MP: 3/5
   160 | D:1      | Learned a level 2 spell: Passwall
   641 | D:1      | Reached XP level 3. HP: 19/19 MP: 1/6
   667 | D:1      | Reached skill level 5 in Earth Magic
   779 | D:1      | Learned a level 3 spell: Stone Arrow
  1110 | D:2      | Found Galanecest's Weapon Emporium.
  1825 | D:2      | Reached XP level 4. HP: 24/24 MP: 5/7
  1956 | D:2      | Reached skill level 6 in Earth Magic
  2077 | D:3      | Reached skill level 1 in Conjurations
  2203 | D:3      | You fall into a shaft and drop 3 floors!
  2219 | D:6      | Noticed a necrophage
  2221 | D:6      | Killed a necrophage
  2222 | D:6      | Reached XP level 5. HP: 28/28 MP: 6/8
  2251 | D:6      | Noticed a steam dragon
  2261 | D:6      | Killed from afar by a steam dragon

Illustrated notes

Levels and vault maps discovered:
D:1:      heliophobic_arrival_dark_side_of_the_moon, layout_rooms,
          serial_forest, infiniplex_forest_end_2,
          infiniplex_forest_clump_diagonal, infiniplex_forest_zigzag_1,
          infiniplex_forest_lined_room_2, infiniplex_forest_corner_1,
          infiniplex_forest_end_3, infiniplex_forest_lined_ring,
          infiniplex_forest_clump_C, minmay_cupped
D:2:      layout_basic, serial_shops, shop
D:3:      layout_basic
D:6:      black_bear_nest_1, layout_gridville, mainiacjoe_overflow_tiny_flanked

Skill      XL: |  1  2  3  4 |
---------------+-------------+-----
Earth Magic    | 4 5 6 |  6.0
Conjurations   | 2 |  2.9
Dodging        | |  1.5
Stealth        | |  2.1
Spellcasting   | |  2.0
Transmutations | |  0.7

Action                   |  1- 3 |  4- 6 || total
-------------------------+-------+-------++-------
Melee: Unarmed           |     4 |       ||     4
       Dagger            |    10 |       ||    10
       Whip              |    13 |     3 ||    16
 Cast: Sandblast         |    50 |    18 ||    68
  Use: Scroll            |     3 |       ||     3
 Stab: Sleeping          |     1 |     1 ||     2
Armor: Robe              |    26 |     8 ||    34
Dodge: Dodged            |    45 |    15 ||    60
